 Dungeon Crawl Stone Soup version 0.23.2-1-ga50397a6bc (webtiles) character file.

Game seed: 8470769051534114072

540 Revguard the Slasher (level 7, -3/53 HPs)
             Began as a Demonspawn Gladiator on Apr 17, 2019.
             Shot with an arrow by a centaur (4 damage)
             ... on level 5 of the Dungeon.
             The game lasted 00:11:26 (3250 turns).

Revguard the Slasher (Demonspawn Gladiator)         Turns: 3250, Time: 00:11:27

Health: -3/53      AC:  9    Str: 16    XL:     7   Next: 5%
Magic:  8/8        EV: 12    Int:  9    God:
Gold:   197        SH:  0    Dex: 17    Spells: 6/6 levels left

rFire    . . .     SeeInvis +   a - +1 long sword
rCold    . . .     Gourm    .   (no shield)
rNeg     . . .     Faith    .   r - +0 ring mail
rPois    .         Spirit   .   t - +2 hat
rElec    .         Reflect  .   v - +0 cloak
rCorr    .         Harm     .   (no gloves)
MR       .....                  (no boots)
Stlth    ++........             p - amulet of regeneration
HPRegen  0.00/turn              b - ring of stealth
MPRegen  0.11/turn              m - ring of see invisible

@: lightly drained
A: claws 2, rugged brown scales 1, inhibited regeneration, strong 1, wild magic
1
a: no special abilities


You were on level 5 of the Dungeon.
You were not hungry.

You visited 1 branch of the dungeon, and saw 5 of its levels.

You collected 197 gold pieces.

Inventory:

Hand Weapons
 a - a +1 long sword (weapon)
Missiles
 d - 3 throwing nets (quivered)
Armour
 c - a +0 helmet
 r - a +0 ring mail (worn)
 t - a +2 hat (worn)
 v - a +0 cloak (worn)
Jewellery
 b - a ring of stealth (left claw)
 g - an uncursed ring of positive energy
 i - an uncursed ring of magical power
 j - an uncursed amulet of harm
 m - a ring of see invisible (right claw)
 p - an amulet of regeneration (around neck)
Wands
 s - a wand of iceblast (9)
Scrolls
 e - a scroll of noise {unknown}
 h - a scroll of immolation {unknown}
 k - 2 scrolls of fear {unknown}
 l - 6 scrolls of teleportation {unknown}
 n - a scroll of amnesia {unknown}
 o - a scroll of fog {unknown}
 q - 2 scrolls of enchant weapon
 u - a scroll of magic mapping {unknown}
Comestibles
 f - 7 rations


   Skills:
 + Level 3.4(2.9) Fighting
 + Level 5.2(4.7) Long Blades
 - Level 1.7(1.3) Throwing
 + Level 2.4(2.0) Armour
 + Level 3.7(3.2) Dodging
 * Level 2.0(1.6) Evocations


You had 6 spell levels left.
You didn't know any spells.
Your spell library was empty.

Dungeon Overview and Level Annotations

Branches:
Dungeon (5/15)
 Temple: D:4-7

Altars:
Xom

Shops:
D:4 %


Innate Abilities, Weirdness & Mutations

You have very sharp fingernails.
You are partially covered in rugged brown scales. (AC +1, +3% HP)
You do not regenerate when monsters are visible.
Your muscles are strong. (Str +2)
Your spells are a little harder to cast, but a little more powerful.


Message History

A centaur comes into view.
The centaur shouts!
The centaur wields a +0 shortbow.
The centaur shoots an arrow.
The arrow barely misses you.
The centaur shoots an arrow.
The arrow barely misses you.
The centaur shoots an arrow.
The arrow misses you.
The phantom blinks!
The centaur shoots an arrow.
The arrow misses you.
You see here an arrow.
The centaur shoots an arrow.
The arrow hits you!
* * * LOW HITPOINT WARNING * * *
A giant cockroach comes into view.
The centaur shoots an arrow.
The arrow closely misses you.
The centaur shoots an arrow.
The arrow hits you.
* * * LOW HITPOINT WARNING * * *
You see here an arrow.
The centaur shoots an arrow.
The arrow hits you!
* * * LOW HITPOINT WARNING * * *
You see here an arrow.
The centaur shoots an arrow.
The arrow hits you.
You die...

#(...c...ยง..#.....
#(####.#....#.....
#c# #.#....##.#..
#.# #.#....##.###
#.# #c#....##.#
#.####.#######.# .
#(#....#######.#..
#(#......W........
#@#.>.......(.....
#(#...######Z#####
#.#...# .....
#s#...# ........
#.#...............
#.#...###........#
#.#...# #.........
#.#


You could see a centaur and a giant cockroach (wandering).

Vanquished Creatures
  The ghost of H0rd4k the Cutter, an amateur HuAr (D:4)
  A phantom (D:4)
  A scorpion (D:4)
  A howler monkey (D:5)
  An orc priest (D:3)
  A worker ant (D:4)
  A hound skeleton (D:4)
  An adder (D:4)
  5 oozes
  A dart slug (D:2)
  4 leopard geckos
  4 orcs (D:3)
  2 ball pythons
  6 bats
  A giant cockroach (D:1)
  8 goblins
  6 hobgoblins
  6 jackals (D:3)
  A quokka (D:3)
  A frilled lizard (D:2)
  4 kobolds
  4 rats
61 creatures vanquished.

Notes
Turn   | Place    | Note
-------+----------+-------------------------------------------
     0 | D:1      | Revguard the Demonspawn Gladiator began the quest for the
                  | Orb.
     0 | D:1      | Reached XP level 1. HP: 16/16 MP: 1/1
   403 | D:1      | Reached skill level 3 in Long Blades
   409 | D:1      | Gained mutation: You are partially covered in rugged brown
                  | scales. (AC +1, +3% HP) [demonic ancestry]
   409 | D:1      | Reached XP level 2. HP: 14/22 MP: 2/2
  1354 | D:2      | Reached XP level 3. HP: 19/27 MP: 3/3
  1903 | D:3      | Found a faded altar of an unknown god.
  1924 | D:3      | Gained mutation: You have sharp fingernails. [demonic
                  | ancestry]
  1924 | D:3      | Reached XP level 4. HP: 35/35 MP: 4/4
  1946 | D:3      | Reached skill level 1 in Armour
  1988 | D:3      | Reached skill level 4 in Long Blades
  2149 | D:3      | Gained mutation: Your muscles are strong. (Str +2) [potion
                  | of mutation]
  2149 | D:3      | Gained mutation: You do not regenerate when monsters are
                  | visible. [potion of mutation]
  2149 | D:3      | Gained mutation: Your spells are a little harder to cast,
                  | but a little more powerful. [potion of mutation]
  2194 | D:4      | Found Raugynk's Food Emporium.
  2204 | D:4      | Gained mutation: You have very sharp fingernails. [demonic
                  | ancestry]
  2204 | D:4      | Reached XP level 5. HP: 18/40 MP: 5/5
  2467 | D:4      | Found a shimmering altar of Xom.
  2697 | D:4      | Noticed a phantom
  2738 | D:4      | Killed a phantom
  2738 | D:4      | Reached skill level 1 in Evocations
  2738 | D:4      | Reached XP level 6. HP: 13/48 MP: 6/6
  2923 | D:4      | Found a large runed translucent door.
  2923 | D:4      | Found a large runed translucent door.
  2923 | D:4      | Noticed H0rd4k's ghost (amateur HuAr)
  3112 | D:4      | Killed H0rd4k's ghost
  3112 | D:4      | Reached skill level 5 in Long Blades
  3141 | D:5      | Entered Level 5 of the Dungeon
  3190 | D:5      | Reached XP level 7. HP: 41/53 MP: 8/8
  3249 | D:5      | HP: 1/53 [centaur/arrow (8)]
  3250 | D:5      | Shot with an arrow by a centaur

Skill      XL: |  1  2  3  4  5  6 |
---------------+-------------------+-----
Long Blades    | 3 4 5 |  5.2
Dodging        | 3 |  3.7
Armour         | 1 2 |  2.4
Fighting       | 3 |  3.4
Evocations     | 1 2 |  2.0
Throwing       | |  1.7

Action                   |  1- 3 |  4- 6 |  7- 9 || total
-------------------------+-------+-------+-------++-------
Melee: Long sword        |    94 |    99 |    10 ||   203
  Use: Potion            |     3 |     4 |       ||     7
       Scroll            |     5 |       |       ||     5
 Stab: Sleeping          |     1 |       |       ||     1
  Eat: Chunk             |     3 |     2 |       ||     5
       Ration            |       |     1 |       ||     1
Armor: Leather armour    |    42 |    12 |       ||    54
       Ring mail         |       |    21 |     3 ||    24
Dodge: Dodged            |    78 |    68 |     9 ||   155
       Rpst.: Long sword |    22 |    23 |     2 ||    47
